| TOP OF THE 1ST |
|
Hagerstown Suns batting - Pitching for Dayton Dragons : LHP Jason St. Clair
|
|
Pitching: LHP Jason St. Clair
|
|
|
Batting: RHB Charlie Iacovone
|
0-0: Called Strike 0-1: Swinging Strike 0-2: Fly out, F4 (Popup, 4, EV 63.8 MPH)
|
|
Batting: RHB Jason Ewert
|
0-0: Ball 1-0: Fly out, F7 (Flyball, 78M, EV 83.8 MPH)
|
|
Batting: RHB Vasag Semerjian
|
0-0: Called Strike 0-1: Ball 1-1: Foul Ball, location: 2F 1-2: Strikes out swinging
|
| Top of the 1st over - 0 runs, 0 hits, 0 errors, 0 left on base; Hagerstown 0 - Dayton 0 |
| BOTTOM OF THE 1ST |
|
Dayton Dragons batting - Pitching for Hagerstown Suns : RHP Jayden Taylor
|
|
Pitching: RHP Jayden Taylor
|
|
|
Batting: RHB Alex de Leon
|
0-0: Called Strike 0-1: Foul Ball, location: 2F 0-2: Ball 1-2: Fly out, F8 (Flyball, 8RXD, EV 110.0 MPH)
|
|
Batting: LHB Chris Redhead
|
0-0: Ball 1-0: Ball 2-0: Ground out 5-3 (Groundball, 56S, EV 81.9 MPH)
|
|
Batting: RHB Alex Villagomez
|
0-0: Called Strike 0-1: Ball 1-1: SINGLE (Groundball, 56D, EV 106.2 MPH)
|
|
Batting: RHB Randy Grewe
|
0-0: Ball 1-0: Ball 2-0: Foul Ball, location: 2F 2-1: Foul Ball, location: 2F 2-2: Ball 3-2: Foul Ball, location: 2F 3-2: 2-RUN HOME RUN (Line Drive, 7D, EV 109.4 MPH), Distance : 403 ft
|
|
Batting: SHB Jaivata Mohanty
|
0-0: Ball 1-0: Ball 2-0: Ball 3-0: Called Strike 3-1: Base on Balls
|
|
Batting: LHB Phil Lerner
|
0-0: Ball 1-0: Swinging Strike 1-1: Called Strike 1-2: Foul Ball, location: 2F 1-2: Strikes out looking
|
| Bottom of the 1st over - 2 runs, 2 hits, 0 errors, 1 left on base; Hagerstown 0 - Dayton 2 |
| TOP OF THE 2ND |
|
Hagerstown Suns batting - Pitching for Dayton Dragons : LHP Jason St. Clair
|
|
Batting: RHB Qian Tai
|
0-0: Foul Ball, location: 2F 0-1: Ball 1-1: Swinging Strike 1-2: Ball 2-2: Ground out 4-3 (Groundball, 4, EV 84.4 MPH)
|
|
Batting: RHB Yok-sing Szema
|
0-0: Ball 1-0: Foul Ball, location: 2F 1-1: Called Strike 1-2: Ball 2-2: Strikes out swinging
|
|
Batting: LHB Mike Hamilton
|
0-0: Foul Ball, location: 2F 0-1: Ball 1-1: Ball 2-1: Called Strike 2-2: Foul Ball, location: 2F 2-2: Ground out 6-3 (Groundball, 6, EV 83.1 MPH)
|
| Top of the 2nd over - 0 runs, 0 hits, 0 errors, 0 left on base; Hagerstown 0 - Dayton 2 |
| BOTTOM OF THE 2ND |
|
Dayton Dragons batting - Pitching for Hagerstown Suns : RHP Jayden Taylor
|
|
Batting: RHB Jon Marquez
|
0-0: Ball 1-0: Ball 2-0: Swinging Strike 2-1: Foul Ball, location: 2F 2-2: Fly out, F8 (Line Drive, 8LM, EV 93.1 MPH)
|
|
Batting: RHB Nick Cottrell
|
0-0: Ground out 5-3 (Groundball, 5S, EV 91.9 MPH)
|
|
Batting: RHB John Hopkins
|
0-0: Foul Ball, location: 2F 0-1: Ball 1-1: Foul Ball, location: 2F 1-2: Strikes out looking
|
| Bottom of the 2nd over - 0 runs, 0 hits, 0 errors, 0 left on base; Hagerstown 0 - Dayton 2 |
| TOP OF THE 3RD |
|
Hagerstown Suns batting - Pitching for Dayton Dragons : LHP Jason St. Clair
|
|
Batting: RHB Joe Simmelink
|
0-0: Ball 1-0: Swinging Strike 1-1: Ball 2-1: Ball 3-1: Foul Ball, location: 2F 3-2: Fly out, F8 (Flyball, 8LM, EV 85.6 MPH)
|
|
Batting: RHB Alex Martinez
|
0-0: Called Strike 0-1: Ball 1-1: Called Strike 1-2: Fly out, F8 (Flyball, 8LM, EV 89.4 MPH)
|
|
Batting: LHB Tony Olvera
|
0-0: Called Strike 0-1: Called Strike 0-2: Strikes out swinging
|
| Top of the 3rd over - 0 runs, 0 hits, 0 errors, 0 left on base; Hagerstown 0 - Dayton 2 |
| BOTTOM OF THE 3RD |
|
Dayton Dragons batting - Pitching for Hagerstown Suns : RHP Jayden Taylor
|
|
Batting: RHB Alex de Leon
|
0-0: SINGLE (Flyball, 6D, EV 93.8 MPH)
|
|
Batting: LHB Chris Redhead
|
0-0: Called Strike 0-1: Called Strike 0-2: Ball 1-2: Foul Ball, location: 2F 1-2: Ball 2-2: Fielders Choice at 2nd, 3-6 (Groundball, 3S, EV 85.6 MPH)
|
|
Batting: RHB Alex Villagomez
|
0-0: SINGLE (Groundball, 56D, EV 101.9 MPH) Chris Redhead to second
|
|
Batting: RHB Randy Grewe
|
0-0: Ball 1-0: Called Strike 1-1: Called Strike 1-2: Ball 2-2: Ball 3-2: SINGLE (Line Drive, 4M, EV 96.2 MPH) Chris Redhead to third Alex Villagomez to second
|
|
Batting: SHB Jaivata Mohanty
|
0-0: Ball 1-0: Foul Ball, location: 2F 1-1: Ball 2-1: Foul Ball, location: 2F 2-2: Ball 3-2: Fly out, F7 (Flyball, 78S, EV 87.5 MPH) Lined into DP, 7-4 (Flyball, 78S, EV 87.5 MPH)
|
| Bottom of the 3rd over - 0 runs, 3 hits, 0 errors, 2 left on base; Hagerstown 0 - Dayton 2 |
| TOP OF THE 4TH |
|
Hagerstown Suns batting - Pitching for Dayton Dragons : LHP Jason St. Clair
|
|
Batting: RHB Charlie Iacovone
|
0-0: Ball 1-0: SINGLE (Line Drive, 6M, EV 97.5 MPH)
|
|
Batting: RHB Jason Ewert
|
0-0: Foul Ball, location: 2F 0-1: Fielders Choice at 2nd, 1-6 (Groundball, 34S, EV 64.4 MPH)
|
|
Batting: RHB Vasag Semerjian
|
0-0: Ball 1-0: Ball 2-0: Ball 3-0: Called Strike 3-1: Called Strike 3-2: Ground out 5-3 (Groundball, 56, EV 85.6 MPH) Jason Ewert to second
|
|
Batting: RHB Qian Tai
|
0-0: Ball 1-0: Ball 2-0: Called Strike 2-1: Ball 3-1: Foul Ball, location: 2F 3-2: Base on Balls
|
|
Batting: RHB Yok-sing Szema
|
0-0: Ball 1-0: Foul Ball, location: 2F 1-1: Swinging Strike 1-2: Strikes out looking
|
| Top of the 4th over - 0 runs, 1 hit, 0 errors, 2 left on base; Hagerstown 0 - Dayton 2 |
| BOTTOM OF THE 4TH |
|
Dayton Dragons batting - Pitching for Hagerstown Suns : RHP Jayden Taylor
|
|
Batting: LHB Phil Lerner
|
0-0: Ball 1-0: Ball 2-0: Ball 3-0: Called Strike 3-1: Base on Balls
|
|
Batting: RHB Jon Marquez
|
0-0: Called Strike Phil Lerner is caught stealing 2nd base 2-4 0-1: Ball 1-1: Swinging Strike 1-2: Foul Ball, location: 2F 1-2: Foul Ball, location: 2F 1-2: Strikes out swinging
|
|
Batting: RHB Nick Cottrell
|
0-0: Called Strike 0-1: Swinging Strike 0-2: Foul Ball, location: 2F 0-2: Foul Ball, location: 2F 0-2: Ball 1-2: Strikes out swinging
|
| Bottom of the 4th over - 0 runs, 0 hits, 0 errors, 0 left on base; Hagerstown 0 - Dayton 2 |
| TOP OF THE 5TH |
|
Hagerstown Suns batting - Pitching for Dayton Dragons : LHP Jason St. Clair
|
|
Batting: LHB Mike Hamilton
|
0-0: Called Strike 0-1: Ground out 5-3 (Groundball, 56, EV 106.9 MPH)
|
|
Batting: RHB Joe Simmelink
|
0-0: Called Strike 0-1: Foul Ball, location: 2F 0-2: Strikes out looking
|
|
Batting: RHB Alex Martinez
|
0-0: Called Strike 0-1: DOUBLE (Line Drive, 7LS, EV 91.9 MPH)
|
|
Batting: LHB Tony Olvera
|
0-0: Ball 1-0: Foul Ball, location: 2F 1-1: Foul Ball, location: 2F 1-2: Ball 2-2: Strikes out swinging
|
| Top of the 5th over - 0 runs, 1 hit, 0 errors, 1 left on base; Hagerstown 0 - Dayton 2 |
| BOTTOM OF THE 5TH |
|
Dayton Dragons batting - Pitching for Hagerstown Suns : RHP Jayden Taylor
|
|
Batting: RHB John Hopkins
|
0-0: Foul Ball, location: 2F 0-1: Swinging Strike 0-2: Fly out, F7 (Flyball, 7, EV 86.9 MPH)
|
|
Batting: RHB Alex de Leon
|
0-0: Swinging Strike 0-1: Ball 1-1: Foul Ball, location: 2F 1-2: DOUBLE (Groundball, 5L, EV 98.8 MPH)
|
|
Batting: LHB Chris Redhead
|
0-0: Swinging Strike 0-1: Foul Ball, location: 2F 0-2: Ball 1-2: Ball 2-2: Ball 3-2: Base on Balls
|
|
Pitching: RHP John Kovach
|
|
|
Batting: RHB Alex Villagomez
|
0-0: Called Strike Chris Redhead is caught stealing 2nd base 2-4 Alex de Leon advances to 3rd base 0-1: Foul Ball, location: 2F 0-2: Ground out 6-3 (Groundball, 6, EV 106.9 MPH)
|
| Bottom of the 5th over - 0 runs, 1 hit, 0 errors, 1 left on base; Hagerstown 0 - Dayton 2 |
| TOP OF THE 6TH |
|
Hagerstown Suns batting - Pitching for Dayton Dragons : LHP Jason St. Clair
|
|
Batting: RHB Charlie Iacovone
|
0-0: Fly out, F8 (Flyball, 8RD, EV 96.2 MPH)
|
|
Batting: RHB Jason Ewert
|
0-0: Ball 1-0: Ball 2-0: Foul Ball, location: 2F 2-1: Swinging Strike 2-2: Foul Ball, location: 2F 2-2: Ball 3-2: Fly out, F6 (Popup, 56D, EV 53.8 MPH)
|
|
Batting: RHB Vasag Semerjian
|
0-0: Called Strike 0-1: Ball 1-1: SINGLE (Groundball, 34D, EV 115.0 MPH)
|
|
Batting: RHB Qian Tai
|
0-0: Ball 1-0: Swinging Strike 1-1: Ball 2-1: Foul Ball, location: 2F 2-2: Fielders Choice at 2nd, 6-4 (Groundball, 6, EV 101.9 MPH)
|
| Top of the 6th over - 0 runs, 1 hit, 0 errors, 1 left on base; Hagerstown 0 - Dayton 2 |
| BOTTOM OF THE 6TH |
|
Dayton Dragons batting - Pitching for Hagerstown Suns : RHP John Kovach
|
|
Batting: RHB Randy Grewe
|
0-0: Called Strike 0-1: Foul Ball, location: 2F 0-2: Ground out 6-3 (Groundball, 6, EV 88.8 MPH)
|
|
Batting: SHB Jaivata Mohanty
|
0-0: Called Strike 0-1: Ground out 4-3 (Groundball, 34, EV 84.4 MPH)
|
|
Batting: LHB Phil Lerner
|
0-0: Called Strike 0-1: Called Strike 0-2: SINGLE (Groundball, 4D, EV 98.1 MPH)
|
|
Batting: RHB Jon Marquez
|
0-0: Ball 1-0: Ball 2-0: Ball 3-0: Base on Balls Phil Lerner to second
|
|
Batting: RHB Nick Cottrell
|
0-0: Swinging Strike 0-1: Called Strike 0-2: Foul Ball, location: 2F 0-2: Foul Ball, location: 2F 0-2: Ball 1-2: Ball 2-2: Ground out 4-3 (Groundball, 4, EV 108.8 MPH)
|
| Bottom of the 6th over - 0 runs, 1 hit, 0 errors, 2 left on base; Hagerstown 0 - Dayton 2 |
| TOP OF THE 7TH |
|
Hagerstown Suns batting - Pitching for Dayton Dragons : LHP Jason St. Clair
|
|
Batting: RHB Yok-sing Szema
|
0-0: Swinging Strike 0-1: Ball 1-1: Ground out 4-3 (Groundball, 34, EV 100.6 MPH)
|
|
Batting: LHB Mike Hamilton
|
0-0: Ball 1-0: Called Strike 1-1: Ball 2-1: Ball 3-1: Foul Ball, location: 2F 3-2: Foul Ball, location: 2F 3-2: Strikes out swinging
|
|
Batting: RHB Joe Simmelink
|
0-0: Ground out 2-3 (Groundball, 2L, EV 68.8 MPH)
|
| Top of the 7th over - 0 runs, 0 hits, 0 errors, 0 left on base; Hagerstown 0 - Dayton 2 |
| BOTTOM OF THE 7TH |
|
Dayton Dragons batting - Pitching for Hagerstown Suns : RHP John Kovach
|
|
Pitching: RHP Steve Schneider
|
|
|
Batting: RHB John Hopkins
|
0-0: Foul Ball, location: 2F 0-1: Fly out, F8 (Flyball, 78M, EV 91.2 MPH)
|
|
Batting: RHB Alex de Leon
|
0-0: Foul Ball, location: 2F 0-1: Hit by Pitch
|
|
Batting: LHB Chris Redhead
|
0-0: Foul Ball, location: 2F 0-1: Called Strike 0-2: Ball 1-2: Ball 2-2: Ball 3-2: Foul Ball, location: 2F 3-2: Strikes out swinging Alex de Leon is caught stealing 2nd base 2-6 Batter strikes out.
|
| Bottom of the 7th over - 0 runs, 0 hits, 0 errors, 0 left on base; Hagerstown 0 - Dayton 2 |
| TOP OF THE 8TH |
|
Hagerstown Suns batting - Pitching for Dayton Dragons : LHP Jason St. Clair
|
|
Now at 2B: Juan Zamora
|
|
|
Now at 3B: Nick Cottrell
|
|
|
Now in LF: Jon Marquez
|
|
|
Now in CF: Pat Mage
|
|
|
Batting: RHB Alex Martinez
|
0-0: Called Strike 0-1: Fly out, F7 (Flyball, 7D, EV 91.2 MPH)
|
|
Pinch Hitting: SHB Fernando Fundora
|
0-0: Ground out 6-3 (Groundball, 6, EV 100.6 MPH)
|
|
Batting: RHB Charlie Iacovone
|
0-0: Fly out, F8 (Line Drive, 8LD, EV 98.1 MPH)
|
| Top of the 8th over - 0 runs, 0 hits, 0 errors, 0 left on base; Hagerstown 0 - Dayton 2 |
| BOTTOM OF THE 8TH |
|
Dayton Dragons batting - Pitching for Hagerstown Suns : RHP Steve Schneider
|
|
Now in RF: Chad Madsen
|
|
|
Batting: RHB Alex Villagomez
|
0-0: Foul Ball, location: 2F 0-1: Ball 1-1: Ball 2-1: Fly out, F8 (Flyball, 8LD, EV 101.9 MPH)
|
|
Batting: RHB Randy Grewe
|
0-0: Ground out U3 (Groundball, 3S, EV 65.6 MPH)
|
|
Batting: RHB Juan Zamora
|
0-0: Ball 1-0: Fly out, F9 (Flyball, 9D, EV 79.4 MPH)
|
| Bottom of the 8th over - 0 runs, 0 hits, 0 errors, 0 left on base; Hagerstown 0 - Dayton 2 |
| TOP OF THE 9TH |
|
Hagerstown Suns batting - Pitching for Dayton Dragons : LHP Jason St. Clair
|
|
Pitching: LHP Haunani Moritiica
|
|
|
Now at 1B: Drew Forbess
|
|
|
Batting: RHB Jason Ewert
|
0-0: Foul Ball, location: 2F 0-1: Ball 1-1: Ball 2-1: Foul Ball, location: 2F 2-2: Ball 3-2: Ground out 6-3 (Groundball, 6, EV 96.2 MPH)
|
|
Batting: RHB Vasag Semerjian
|
0-0: Ball 1-0: Ball 2-0: Foul Ball, location: 2F 2-1: Ball 3-1: Called Strike 3-2: Fly out, F9 (Flyball, 89M, EV 78.1 MPH)
|
|
Batting: RHB Qian Tai
|
0-0: Called Strike 0-1: Ball 1-1: Ball 2-1: Ground out 6-3 (Groundball, 6, EV 106.2 MPH)
|
| Top of the 9th over - 0 runs, 0 hits, 0 errors, 0 left on base; Hagerstown 0 - Dayton 2 |
|